 Dungeon Crawl Stone Soup version 0.29.1-12-g30fa7ad0bf (webtiles) character file.

Game seed: 5037238008574654284

813 ChadusMaximus the Trooper (level 7, -1/63 HPs)
             Began as a Minotaur Fighter on Dec 12, 2022.
             Slain by a mummy (13 damage)
             ... in an ossuary.
             The game lasted 00:05:15 (5140 turns).

ChadusMaximus the Trooper (Minotaur Fighter)        Turns: 5140, Time: 00:05:16

Health: -1/63      AC:  9    Str: 22    XL:     7   Next: 61%
Magic:  6/6        EV:  9    Int:  5    God:
Gold:   256        SH:  5    Dex: 10    Spells: 6/6 levels left

rFire   + . .      SeeInvis .   a - +0 war axe
rCold   + . .      Faith    .   c - +0 buckler
rNeg    . . .      Spirit   .   b - +0 scale mail
rPois   .          Reflect  .   u - +2 hat
rElec   .          Harm     .   i - scarf {rC+ rF+}
rCorr   .          Rampage  .   (no gloves)
Will    .....                   (no boots)
Stlth   ..........              (no amulet)
HPRegen 0.20/turn               (no ring)
MPRegen 0.10/turn               (no ring)

@: mighty
A: horns 2, retaliatory headbutt
a: no special abilities


You were in an ossuary.
You visited 1 branch of the dungeon, and saw 5 of its levels.
You also visited: Ossuary.

You collected 360 gold pieces.
You spent 104 gold pieces at shops.

Inventory:

Hand Weapons
 a - a +0 war axe (weapon)
 x - a +5 battleaxe
Missiles
 f - a throwing net (quivered)
 k - 4 boomerangs
Armour
 b - a +0 scale mail (worn)
 c - a +0 buckler (worn)
 i - a scarf of resistance (worn)
 u - a +2 hat (worn)
Wands
 d - a wand of digging (2)
Scrolls
 e - a scroll of vulnerability {unknown}
 g - a scroll of immolation {unknown}
 j - 3 scrolls of magic mapping {unknown}
 l - 2 scrolls of fear
 n - a scroll of torment {unknown}
 o - 2 scrolls of brand weapon {unknown}
 p - 2 scrolls of identify {unknown}
 s - a scroll of teleportation {unknown}
 t - 2 scrolls of poison {unknown}
 w - a scroll of blinking {unknown}
 y - a scroll of summoning {unknown}
Potions
 h - a potion of mutation {unknown}
 m - 3 potions of flight {unknown}
 q - a potion of attraction {unknown}
 r - a potion of haste {unknown}
 z - 2 potions of curing


   Skills:
 + Level 6.3 Fighting
 + Level 5.7 Axes
 + Level 6.2 Armour
 + Level 6.2 Shields


You had 6 spell levels left.
You didn't know any spells.
Your spell library was empty.

Dungeon Overview and Level Annotations

Branches:
Dungeon (5/15)            Ossuary (1/1)
 Temple: D:4-7

Altars:
Ashenzari
Uskayaw

Shops:
D:4 *   D:5 :


Innate Abilities, Weirdness & Mutations

You have a pair of horns on your head.
You reflexively headbutt those who attack you in melee.


Message History

Unknown command.
You are too injured to fight recklessly!
Sorry, you're not good enough to have a special ability.
You feel very mighty all of a sudden.
The hobgoblin zombie hits you but does no damage.
The mummy closely misses you. You furiously retaliate!
You headbutt the mummy. You hit the mummy.
The mummy is heavily damaged.
You slash the mummy!
You destroy the mummy!
You hit the hobgoblin zombie. The mummy hits you!
* * * LOW HITPOINT WARNING * * *
The hobgoblin zombie hits you but does no damage.
You slice the mummy!!
You destroy the mummy!
You barely miss the hobgoblin zombie.
The hobgoblin zombie hits you but does no damage.
You hit the mummy.
The mummy is lightly damaged.
You completely miss the mummy. You slash the hobgoblin zombie!
You destroy the hobgoblin zombie!
The mummy hits you.
* * * LOW HITPOINT WARNING * * *
You block the mummy's attack.
You slice the mummy!!
You destroy the mummy!
You hit the mummy. You block the mummy's attack.
You barely miss the gnoll zombie. You headbutt the gnoll zombie!
The gnoll zombie is severely damaged.
You completely miss the mummy.
The gnoll zombie hits you but does no damage.
You completely miss the mummy.
The mummy is moderately damaged.
You slash the gnoll zombie!
You destroy the gnoll zombie!
The mummy barely misses you.
You completely miss the mummy. You headbutt the mummy!
The mummy is severely damaged.
The mummy hits you!
You die...

..............
.............
...........
........#
......# #....#
#..M.# #.@..#
#....# #....#
#....# #....#
#....# #.∩∩.#
######


You could see a mummy.

Vanquished Creatures
  Sigmund (D:3)
  2 scorpions
  A wight (D:3)
  An orc priest (D:4)
  Terence (D:2)
  3 iguanas
  Natasha (thrice) (D:3)
  3 mummies (Ossuary)
  8 gnolls (D:3)
  2 adders
  3 worms
  3 dart slugs
  4 orcs
  3 ball pythons
  8 bats
  4 endoplasms
  2 giant cockroaches
  35 goblins
  34 hobgoblins
  4 kobolds
  2 quokkas
  3 frilled lizards (D:1)
  2 gnoll zombies (Ossuary)
  4 hobgoblin zombies (Ossuary)
  A kobold zombie (Ossuary)
  4 rats
141 creatures vanquished.

Vanquished Creatures (others)
  A fungus (D:1)
  A plant (D:1)
2 creatures vanquished.

Grand Total: 143 creatures vanquished

Notes
Turn   | Place    | Note
-------+----------+-------------------------------------------
     0 | D:1      | ChadusMaximus the Minotaur Fighter began the quest for the
                  | Orb.
     0 | D:1      | Reached XP level 1. HP: 19/19 MP: 0/0
   139 | D:1      | Reached XP level 2. HP: 25/27 MP: 1/1
   811 | D:1      | Reached XP level 3. HP: 33/33 MP: 2/2
   822 | D:1      | Found a faded altar of an unknown god.
  1071 | D:2      | Noticed Terence
  1079 | D:2      | Killed Terence
  1406 | D:2      | Reached XP level 4. HP: 40/40 MP: 3/3
  1862 | D:3      | Noticed Natasha
  1871 | D:3      | Killed Natasha
  1882 | D:3      | Noticed Natasha
  1889 | D:3      | Killed Natasha
  2155 | D:3      | Noticed Natasha
  2160 | D:3      | Noticed Sigmund
  2164 | D:3      | Killed Natasha
  2165 | D:3      | Reached XP level 5. HP: 34/47 MP: 4/4
  2212 | D:3      | HP: 2/47 [Sigmund/+0 scythe (2)]
  2213 | D:3      | Killed Sigmund
  2214 | D:3      | Reached skill level 5 in Fighting
  2214 | D:3      | Reached skill level 5 in Armour
  2214 | D:3      | Reached skill level 5 in Shields
  2214 | D:3      | Reached XP level 6. HP: 3/56 MP: 5/5
  3976 | D:4      | Found Peblepor's Assorted Antiques.
  3985 | D:4      | Bought a scroll labelled HICSEL KALI for 26 gold pieces
  3985 | D:4      | Bought a scroll labelled LALEOC UTOSOIXT for 26 gold pieces
  3985 | D:4      | Bought a scroll labelled LALEOC UTOSOIXT for 26 gold pieces
  3985 | D:4      | Bought a scroll labelled ZAMINEN DIAFI for 26 gold pieces
  4050 | D:3      | Reached skill level 5 in Axes
  4465 | D:4      | Reached XP level 7. HP: 49/59 MP: 6/6
  4694 | D:4      | Found a broken altar of Ashenzari.
  4707 | D:4      | Found a hide-covered altar of Uskayaw.
  4991 | D:5      | Entered Level 5 of the Dungeon
  4991 | D:5      | Found Buutaanu's Self-Improvement Boutique.
  5080 | D:5      | Found a sand-covered staircase.
  5086 | Ossuary  | Entered an ossuary
  5140 | Ossuary  | Slain by a mummy

Illustrated notes

Levels and vault maps discovered:
D:1:      eino_arrival_water_star, layout_basic,
          shapermc_ecumenical_altar_acropolis, minmay_ruptured
D:2:      layout_basic, uniq_terence
D:3:      minmay_goblin_kobold_castle, layout_basic, uniq_natasha, uniq_sigmund
D:4:      layout_rooms, mainiacjoe_overflow_large_starburst, serial_shops, shop,
          minmay_misc_feat_columns
D:5:      layout_loops_corners, nicolae_ossuary_entry_false_entrances,
          nicolae_shop_self_help
Ossuary:  ossuary_tomb_3

Skill      XL: |  1  2  3  4  5  6  7 |
---------------+----------------------+-----
Armour         | 4 5 6 |  6.2
Shields        | 4 5 6 |  6.2
Fighting       | 4 5 6 |  6.3
Axes           | 3 4 5 |  5.7

Action                   |  1- 3 |  4- 6 |  7- 9 || total
-------------------------+-------+-------+-------++-------
Melee: War axe           |    83 |   139 |    51 ||   273
       Headbutt          |     7 |    21 |    12 ||    40
       Battleaxe         |       |     1 |       ||     1
  Use: Potion            |       |     2 |     1 ||     3
       Scroll            |       |       |     1 ||     1
Armor: Scale mail        |    48 |    90 |    25 ||   163
Dodge: Dodged            |    55 |   101 |    21 ||   177
Block: Buckler           |    21 |    67 |    13 ||   101
